 Dungeon Crawl Stone Soup version 0.23.0 (webtiles) character file.

Game seed: 2726896142137045229

705 Scarper the Magician (level 7, 0/38 HPs)
             Began as a Deep Elf Fire Elementalist on Feb 14, 2019.
             Slain by a phantom (2 damage)
             ... on level 6 of the Dungeon.
             The game lasted 00:08:52 (5469 turns).

Scarper the Magician (Deep Elf Fire Elementalist)   Turns: 5469, Time: 00:08:53

Health: 0/38       AC:  2    Str:  7    XL:     7   Next: 39%
Magic:  17/18      EV: 13    Int: 20    God:
Gold:   248        SH:  0    Dex: 15    Spells: 6/19 levels left

rFire    . . .     SeeInvis .   k - +0 flail (distort)
rCold    . . .     Gourm    .   (no shield)
rNeg     . . .     Faith    .   a - +0 robe
rPois    .         Spirit   .   (no helmet)
rElec    .         Reflect  .   (no cloak)
rCorr    .         Harm     .   (no gloves)
MR       .....                  (no boots)
Stlth    ++........             (no amulet)
HPRegen  0.12/turn              (no ring)
MPRegen  0.16/turn              (no ring)

@: no status effects
A: no striking features
a: no special abilities


You were on level 6 of the Dungeon.
You were near starving.

You visited 2 branches of the dungeon, and saw 7 of its levels.

You collected 248 gold pieces.

Inventory:

Hand Weapons
 e - a +0 spear
 k - a +0 flail of distortion (weapon)
Armour
 a - a +0 robe (worn)
 j - a +0 ring mail
Jewellery
 r - an uncursed amulet of faith {unknown}
 s - an uncursed ring of protection from cold {unknown}
Wands
 n - a wand of random effects (15)
 v - a wand of acid (7)
 x - a wand of iceblast (11)
Scrolls
 b - a scroll of teleportation {unknown}
 f - a scroll of fog {unknown}
 g - 2 scrolls of fear {unknown}
 h - a scroll of remove curse {unknown}
 l - a scroll of amnesia {unknown}
 m - a scroll of identify {unknown}
 t - a scroll of random uselessness {unknown}
Potions
 d - 3 potions of curing {unknown}
 i - a potion of degeneration {unknown}
 o - a potion of heal wounds {unknown}
 p - a potion of flight {unknown}
 u - a potion of haste {unknown}
 w - a potion of ambrosia {unknown}
Comestibles
 c - 8 rations


   Skills:
 + Level 1.3 Fighting
 - Level 1.1 Maces & Flails
 - Level 1.0 Armour
 - Level 2.4 Dodging
 - Level 2.4 Stealth
 + Level 6.6 Spellcasting
 + Level 4.3 Conjurations
 + Level 5.8 Fire Magic


You had 6 spell levels left.
You knew the following spells:

 Your Spells              Type           Power        Failure   Level  Hunger
a - Flame Tongue          Conj/Fire      ####.        1%          1    None
b - Conjure Flame         Conj/Fire      ####....     3%          3    #......
c - Sticky Flame          Conj/Fire      ####....     12%         4    ###....
d - Fireball              Conj/Fire      ####......   32%         5    #####..

Your spell library contained the following spells:

 Spells                   Type           Power        Failure   Level  Hunger
 Throw Flame              Conj/Fire      ####..       1%          2    None
 Inner Flame              Hex/Fire       ###.....     9%          3    #......


Dungeon Overview and Level Annotations

Branches:
Dungeon (6/15)             Temple (1/1) D:5

Altars:
Ashenzari
Cheibriados
Dithmenos
Fedhas
Nemelex Xobeh
Okawaru
Qazlal
Trog
Uskayaw
Wu Jian
Xom
Yredelemnul
Zin

Annotations:
D:4 1 runed translucent door, Monsterracer's ghost, weakling TrAK


Message History

* * * LOW HITPOINT WARNING * * *
You hit the jackal.
The jackal is almost dead.
The jackal bites you but does no damage.
The jackal completely misses you.
You see here an arrow.
You hit the jackal.
You kill the jackal!
The jackal barely misses you.
You hit the jackal but do no damage.
Space bends around the jackal.
You kill the jackal!
You closely miss the phantom. The phantom completely misses you.
You miss the phantom. The phantom hits you.
* * * LOW HITPOINT WARNING * * *
You closely miss the phantom.
The phantom hits you but does no damage.
The phantom hits you.
* * * LOW HITPOINT WARNING * * *
You barely miss the phantom. The phantom hits you.
You die...

####### .......
.......###
.[.>....h#
.......#W#
..$....#@#
.......#.#
.c.....#.#
.......#.#
.......#.#
$......#.#########
#.........#
#########.######
#....(.......#


You could see a phantom and a jackal.

Vanquished Creatures
  A hungry ghost (D:4)
  An ogre (D:6)
  A centaur (D:6)
  A scorpion (D:4)
  A bullfrog zombie (D:5)
  A hound (D:5)
  A bullfrog skeleton (D:4)
  An iguana (D:5)
  4 worker ants
  A hound zombie (D:6)
  2 hound skeletons
  An adder (D:3)
  An adder skeleton (D:5)
  3 worms
  4 leopard geckos
  3 orcs (D:5)
  15 giant cockroaches
  5 goblins
  8 hobgoblins
  9 jackals
  3 quokkas
  12 bats
  5 frilled lizards
  6 kobolds
  A leopard gecko skeleton (D:5)
  A quokka skeleton (D:4)
  7 rats
99 creatures vanquished.

Vanquished Creatures (others)
  A dart slug (D:5)
  A leopard gecko zombie (D:5)
  5 toadstools (D:1)
7 creatures vanquished.

Grand Total: 106 creatures vanquished

Notes
Turn   | Place    | Note
-------+----------+-------------------------------------------
     0 | D:1      | Scarper the Deep Elf Fire Elementalist began the quest for
                  | the Orb.
     0 | D:1      | Reached XP level 1. HP: 10/10 MP: 6/6
   256 | D:1      | Reached XP level 2. HP: 15/15 MP: 6/8
   716 | D:1      | Reached XP level 3. HP: 19/19 MP: 7/10
   931 | D:2      | Learned a level 3 spell: Conjure Flame
  1638 | D:2      | Reached skill level 4 in Spellcasting
  1650 | D:2      | Reached XP level 4. HP: 16/24 MP: 0/12
  1930 | D:2      | Found a basalt altar of Yredelemnul.
  2091 | D:3      | Reached skill level 1 in Armour
  2146 | D:3      | Learned a level 4 spell: Sticky Flame
  2585 | D:4      | Reached XP level 5. HP: 26/28 MP: 10/13
  2713 | D:4      | Noticed a hungry ghost
  2738 | D:4      | Killed a hungry ghost
  2738 | D:4      | Reached skill level 1 in Maces & Flails
  2738 | D:4      | Reached skill level 5 in Spellcasting
  2738 | D:4      | Reached skill level 5 in Fire Magic
  2738 | D:4      | Reached XP level 6. HP: 25/33 MP: 0/15
  2888 | D:4      | Found an ornate altar of the Wu Jian Council.
  3221 | D:4      | Noticed Monsterracer's ghost (weakling TrAK)
  3250 | D:4      | Found a runed translucent door.
  3776 | D:5      | Entered Level 5 of the Dungeon
  3777 | D:5      | Found an iron altar of Okawaru.
  3845 | D:5      | Found a staircase to the Ecumenical Temple.
  3972 | Temple   | Entered the Ecumenical Temple
  4356 | D:5      | Reached skill level 1 in Fighting
  4994 | D:6      | Learned a level 5 spell: Fireball
  5055 | D:6      | Reached skill level 6 in Spellcasting
  5055 | D:6      | Reached XP level 7. HP: 5/38 MP: 7/18
  5469 | D:6      | Slain by a phantom

Skill      XL: |  1  2  3  4  5  6 |
---------------+-------------------+-----
Fire Magic     | 4 5 |  5.8
Spellcasting   | 4 5 6 |  6.6
Conjurations   | 2 3 4 |  4.3
Armour         | 1 |  1.0
Maces & Flails | 1 |  1.1
Fighting       | 1 |  1.3
Dodging        | |  2.4
Stealth        | |  2.4

Action                   |  1- 3 |  4- 6 |  7- 9 || total
-------------------------+-------+-------+-------++-------
Melee: Spear             |     1 |       |       ||     1
       Flail             |     2 |    40 |    19 ||    61
 Cast: Flame Tongue      |    88 |    77 |     7 ||   172
       Conjure Flame     |       |     2 |       ||     2
       Sticky Flame      |       |       |     2 ||     2
 Stab: Sleeping          |       |     1 |       ||     1
  Eat: Chunk             |     2 |     5 |       ||     7
       Ration            |       |     2 |       ||     2
Armor: Robe              |     7 |     7 |     5 ||    19
Dodge: Dodged            |    30 |    51 |    17 ||    98
